 Dungeon Crawl Stone Soup version 0.29.0-13-gc9e81de378 (webtiles) character file.

Game seed: 11919707466957316239

2563 Ordine the Covert (level 9, -4/44 HPs)
             Began as a Spriggan Enchanter on Sept 10, 2022.
             Slain by a gnoll sergeant
             ... wielding a +0 glaive
              (9 damage)
             ... in a bailey.
             The game lasted 00:23:50 (8067 turns).

Ordine the Covert (Spriggan Enchanter)              Turns: 8067, Time: 00:23:50

Health: -4/44      AC:  4    Str:  4    XL:     9   Next: 31%
Magic:  4/16       EV: 24    Int: 20    God:
Gold:   703        SH:  0    Dex: 22    Spells: 11/16 levels left

rFire   + . .      SeeInvis +   a - +1 dagger
rCold   + . .      Faith    .   (no shield)
rNeg    . . .      Spirit   .   b - +0 robe
rPois   +          Reflect  .   j - +1 hat
rElec   +          Harm     .   q - +0 cloak
rCorr   +          Rampage  .   (gloves unavailable)
Will    ++...                   (boots unavailable)
Stlth   +++++.....              d - amulet of regeneration
HPRegen 0.94/turn               z - +6 ring of dexterity
MPRegen 0.15/turn               v - ring of willpower

@: resistant, very quick
A: very small, no large weapons, unfitting armour, see invisible, speed 3,
mutation resistance 1, electricity resistance
a: no special abilities


You were in a bailey.
You visited 2 branches of the dungeon, and saw 8 of its levels.
You also visited: Bailey.

You collected 864 gold pieces.
You spent 161 gold pieces at shops.

Inventory:

Hand Weapons
 a - a +1 dagger (weapon)
Missiles
 y - 3 poisoned darts (quivered)
 B - 9 throwing nets
Armour
 b - a +0 robe (worn)
 j - a +1 hat (worn)
 q - a +0 cloak (worn)
Jewellery
 c - a ring of ice
 d - an amulet of regeneration (around neck)
 h - a ring of protection from fire
 o - a ring of resist corrosion
 v - a ring of willpower (right hand)
 z - a +6 ring of dexterity (left hand)
Wands
 e - a wand of flame (11)
Scrolls
 i - a scroll of magic mapping
 k - a scroll of butterflies
 l - a scroll of teleportation
 m - a scroll of torment
 n - 2 scrolls of noise {unknown}
 p - 2 scrolls of enchant weapon {unknown}
 r - a scroll of enchant armour {unknown}
 s - 2 scrolls of fear {unknown}
 t - a scroll of immolation
 u - 2 scrolls of amnesia {unknown}
 A - 2 scrolls of poison {unknown}
Potions
 g - 2 potions of attraction
 w - 4 potions of curing {unknown}
 x - 2 potions of flight {unknown}


   Skills:
 - Level 3.0 Fighting
 + Level 6.6 Short Blades
 - Level 8.0 Dodging
 + Level 10.1 Stealth
 - Level 4.0 Spellcasting
 - Level 8.0 Hexes


You had 11 spell levels left.
You knew the following spells:

 Your Spells              Type           Power      Damage    Failure   Level
a - Ensorcelled Hibernat  Hex/Ice        40%        N/A       3%          2
b - Confusing Touch       Hex            36%        N/A       1%          3

Your spell library contained the following spells:

 Spells                   Type           Power      Damage    Failure   Level
 Tukima's Dance           Hex            36%        N/A       1%          3
 Dazzling Flash           Conj/Hex       40%        N/A       8%          3
 Portal Projectile        Hex/Tloc       40%        N/A       8%          3
 Sandblast                Erth           8%         2d5       13%         1
 Passwall                 Tmut/Erth      3%         N/A       19%         2
 Scorch                   Fire           8%         2d5       19%         2
 Leda's Liquefaction      Hex/Erth       10%        N/A       24%         4
 Call Canine Familiar     Summ           4%         N/A       36%         3
 Conjure Flame            Conj/Fire      4%         6-21      36%         3
 Ignite Poison            Fire/Tmut/Pois 4%         N/A       36%         3
 Stone Arrow              Conj/Erth      8%         3d7       36%         3
 Flame Wave               Conj/Fire      4%         2d5       77%         4
 Sticky Flame             Conj/Fire      4%         2d3       77%         4
 Summon Cactus Giant      Summ           2%         N/A       100%        6


Dungeon Overview and Level Annotations

Branches:
Dungeon (7/15)             Temple (1/1) D:4          Bailey (1/1)

Altars:
Ashenzari
Cheibriados
Dithmenos
Elyvilon
Fedhas
Gozag
Kikubaaqudgha
Makhleb
Nemelex Xobeh
Qazlal
Ru
Sif Muna
Trog
Uskayaw
Vehumet
Xom
Yredelemnul
Zin
The Shining One

Shops:
D:3 [

Annotations:
D:5 3 runed translucent doors, ImASeal's ghost, novice TrBe


Innate Abilities, Weirdness & Mutations

You are very small and have problems with some larger weapons.
You are too small for most types of armour.
You have supernaturally acute eyesight. (SInv)
You cover ground extremely quickly. (Speed+++)
You are somewhat resistant to further mutation.
You are resistant to electric shocks. (rElec)


Message History

Confirm with . or Enter, or press ? or * to list all spells.
Aiming: Ensorcelled Hibernation (safe; 3% risk of failure)
Press: ? - help, Shift-Dir - straight line, f - you
Okay, then.
Casting: Ensorcelled Hibernation (safe; 3% risk of failure)
Confirm with . or Enter, or press ? or * to list all spells.
Your hands begin to glow red.
The gnoll sergeant hits you from afar with a +0 halberd!
* * * LOW HITPOINT WARNING * * *
There is a broken door here.
There is an open gate here.
You close the gate.
It was a potion of resistance.
You feel protected.
A gnoll sergeant opens the gate.
Casting: Confusing Touch (safe; 1% risk of failure)
Confirm with . or Enter, or press ? or * to list all spells.
Aiming: Ensorcelled Hibernation (safe; 3% risk of failure)
Press: ? - help, Shift-Dir - straight line, f - gnoll sergeant
Aim: a gnoll sergeant, wielding a +0 halberd and wearing a +0 chain mail (covering ground quickly, chance to confuse on hit: 64%, chance to affect: 52%)
The gnoll sergeant resists with significant effort.
Your hands stop glowing.
The gnoll sergeant misses you.
The gnoll sergeant completely misses you.
Unknown command.
Casting: Ensorcelled Hibernation (safe; 3% risk of failure)
Confirm with . or Enter, or press ? or * to list all spells.
Aiming: Ensorcelled Hibernation (safe; 3% risk of failure)
Press: ? - help, Shift-Dir - straight line, f/p - gnoll sergeant
Aim: a gnoll sergeant, wielding a +0 halberd and wearing a +0 chain mail (covering ground quickly, chance to affect: 52%)
The gnoll sergeant looks drowsy...
The gnoll sergeant hits you from afar with a +0 glaive!
* * * LOW HITPOINT WARNING * * *
Unknown command.
The helpless gnoll sergeant fails to defend itself.
You skewer the gnoll sergeant like a kebab!!!!
You kill the gnoll sergeant!
The gnoll sergeant is no longer moving quickly.
The gnoll sergeant hits you from afar with a +0 glaive!
You die...

♣∩♣ ♣.♣ ♣♣)♣♣
♣♣.∩.♣♣♣♣
♣♣♣♣.......♣♣
♣♣♣...........♣♣♣
♣♣...............♣♣
♣♣≈≈≈≈≈≈≈...≈≈≈≈≈≈≈♣♣
♣≈≈)).).))..@)..).≈≈♣
♣≈.)....).g).).).).≈♣
♣≈)######'''######.≈♣
♣≈.#.[..#...# #.≈♣
♣≈#####'#...#+#####≈♣
♣≈#.....#...# g.gg#≈♣
♣≈#8....##'## ggh8#≈♣
♣≈#....##...##.hh.#≈♣
♣≈#...##....)##... ≈♣


You could see a gnoll sergeant.

Vanquished Creatures
  Grinder (D:3)
  An orc warrior (D:6)
  A black bear (D:4)
  An ogre (D:4)
  4 wolves (Bailey)
  2 phantoms
  A bullfrog (D:6)
  A necrophage (D:5)
  7 gnoll sergeants (Bailey)
  2 howler monkeys
  5 hounds
  7 gnoll boudas
  2 orc priests (D:5)
  A jelly (D:6)
  2 orc wizards
  2 iguanas (D:5)
  Ijyb (D:3)
  A mummy (D:6)
  26 gnolls
  13 adders
  A shadow imp (D:6)
  An ufetubus (D:5)
  3 worms
  6 dart slugs
  13 orcs
  5 bats
  6 endoplasms
  3 giant cockroaches
  3 hobgoblins
  5 kobolds
  5 quokkas
  8 ball pythons
  3 frilled lizards
  2 goblins
  2 kobold zombies (D:6)
  2 orc zombies (D:6)
  5 rats
154 creatures vanquished.

Notes
Turn   | Place    | Note
-------+----------+-------------------------------------------
     0 | D:1      | Ordine the Spriggan Enchanter began the quest for the Orb.
     0 | D:1      | Reached XP level 1. HP: 9/9 MP: 5/5
   123 | D:1      | You fall into a shaft and drop 1 floor!
   189 | D:2      | Reached XP level 2. HP: 13/13 MP: 6/6
   192 | D:2      | Learned a level 2 spell: Ensorcelled Hibernation
   258 | D:2      | Reached skill level 5 in Stealth
   259 | D:2      | Found a faded altar of an unknown god.
   482 | D:2      | Reached XP level 3. HP: 16/16 MP: 2/8
   931 | D:2      | Reached skill level 6 in Stealth
  1496 | D:1      | Reached XP level 4. HP: 21/21 MP: 9/9
  1715 | D:3      | Found Cejahufa's Antique Armour Shop.
  2146 | D:3      | Noticed Grinder
  2152 | D:3      | Learned a level 3 spell: Confusing Touch
  2159 | D:3      | Gained mutation: You are strong-willed. (Will+) [potion of
                  | mutation]
  2159 | D:3      | Gained mutation: You have large cloven feet. [potion of
                  | mutation]
  2211 | D:3      | Killed Grinder
  2212 | D:3      | Reached skill level 8 in Stealth
  2212 | D:3      | Reached XP level 5. HP: 21/24 MP: 10/10
  2212 | D:3      | Reached XP level 6. HP: 24/28 MP: 11/11
  2212 | D:3      | Lost mutation: You are strong-willed. (Will+) [potion of
                  | mutation]
  2212 | D:3      | Lost mutation: You have large cloven feet. [potion of
                  | mutation]
  2212 | D:3      | Gained mutation: You have a pair of small antennae on your
                  | head. [potion of mutation]
  2212 | D:3      | Gained mutation: Your mind is acute. (Int +4, Str/Dex -1)
                  | [potion of mutation]
  2213 | D:3      | Lost mutation: You have a pair of small antennae on your
                  | head. [potion of mutation]
  2213 | D:3      | Lost mutation: Your mind is acute. (Int +4, Str/Dex -1)
                  | [potion of mutation]
  2213 | D:3      | Gained mutation: You are somewhat resistant to further
                  | mutation. [potion of mutation]
  2213 | D:3      | Gained mutation: You are resistant to electric shocks.
                  | (rElec) [potion of mutation]
  2347 | D:3      | Noticed Ijyb
  2468 | D:3      | Killed Ijyb
  2469 | D:3      | Reached skill level 5 in Short Blades
  2734 | D:3      | Bought a runed hat for 161 gold pieces
  2918 | D:4      | Found a staircase to the Ecumenical Temple.
  2924 | Temple   | Entered the Ecumenical Temple
  3416 | D:4      | Reached skill level 5 in Hexes
  3642 | D:5      | Entered Level 5 of the Dungeon
  3712 | D:4      | Reached XP level 7. HP: 17/32 MP: 11/14
  3969 | D:5      | Found a runed translucent gate.
  3969 | D:5      | Found a runed translucent gate.
  3971 | D:5      | Found a runed translucent gate.
  3996 | D:5      | Noticed ImASeal's ghost (novice TrBe)
  4001 | D:5      | Found a white marble altar of Elyvilon.
  4618 | D:5      | Found a radiant altar of Vehumet.
  4684 | D:5      | Found a shimmering blue altar of Sif Muna.
  4874 | D:5      | Found an opulent altar of Gozag.
  4874 | D:5      | Found a sacrificial altar of Ru.
  5003 | D:5      | Reached skill level 1 in Fighting
  5003 | D:5      | Reached XP level 8. HP: 37/37 MP: 15/15
  5757 | D:6      | Reached skill level 5 in Dodging
  6753 | D:7      | Found a flagged portal.
  6766 | Bailey   | Entered a bailey
  7423 | Bailey   | Reached XP level 9. HP: 44/44 MP: 5/16
  7472 | Bailey   | Reached skill level 9 in Stealth
  7855 | Bailey   | Reached skill level 10 in Stealth
  8067 | Bailey   | Slain by a gnoll sergeant

Illustrated notes

Levels and vault maps discovered:
D:1:      scummos_arrival_star, layout_loops_cross
D:2:      layout_loops_cross, shapermc_ecumenical_altar_mp_highgroup,
          minmay_domino_4
D:3:      layout_loops_cross, serial_shops, shop, uniq_ijyb, uniq_grinder
D:4:      layout_layer_cave, minmay_temple_entry_nine_rooms, minmay_liquid_box
D:5:      layout_loops_ring, mainiacjoe_overflow_boulevard,
          general_overflow_altar, elyvilon_altar_5,
          gammafunk_temple_overflow_wave, gammafunk_ghost_icy,
          kennysheep_generic_room_14
D:6:      layout_layer_cave, minmay_mini_ossuary
D:7:      layout_loops_corners, serial_demonic, serial_demonic_a,
          serial_demonic_f, serial_demonic_e, serial_demonic_g, enter_bailey_2,
          grunt_ministairs_3, chequers_serial_rivers_micro_c
Temple:   jpeg_temple_clearing
Bailey:   bailey_polearm_gnolls_kennysheep, bailey

Skill      XL: |  1  2  3  4  5  6  7  8  9 |
---------------+----------------------------+-----
Stealth        | 5 6 8 10 | 10.1
Short Blades   | 2 3 4 5 6 |  6.6
Spellcasting   | 4 |  4.0
Hexes          | 5 7 8 |  8.0
Dodging        | 3 8 |  8.0
Fighting       | 1 3 |  3.0

Action                   |  1- 3 |  4- 6 |  7- 9 || total
-------------------------+-------+-------+-------++-------
Melee: Dagger            |    95 |   188 |   225 ||   508
       Punch             |     1 |     3 |     4 ||     8
       Kick              |       |    13 |       ||    13
 Cast: Ensorcelled Hiber |    18 |    18 |   132 ||   168
       Confusing Touch   |       |       |     9 ||     9
  Use: Potion            |       |    10 |     3 ||    13
       Scroll            |       |     4 |     2 ||     6
 Stab: Sleeping          |    13 |    20 |    62 ||    95
       Distracted        |     1 |       |       ||     1
       Confused          |       |       |     6 ||     6
       Invisible         |       |       |     8 ||     8
Armor: Robe              |    11 |    10 |    24 ||    45
Dodge: Dodged            |    74 |    76 |   181 ||   331
